 Dungeon Crawl Stone Soup version 0.19-a0-1007-g133f65f (webtiles) character file.

450 HAL9000 the Insei (level 6, -3/47 HPs)
             Began as a Draconian Transmuter on July 19, 2016.
             Slain by mistymad's ghost (13 damage)
             ... on level 4 of the Dungeon.
             The game lasted 00:04:54 (2841 turns).

HAL9000 the Insei (Draconian Transmuter)            Turns: 2841, Time: 00:04:55

Health: -3/47      AC:  2    Str: 13    XL:     6   Next: 74%
Magic:  2/9        EV: 19    Int: 13    God:
Gold:   224        SH:  0    Dex: 18    Spells: 3 memorised, 3 levels left

rFire  + . .     SeeInvis .       - Unarmed
rCold  . . .     Gourm    .     (armour unavailable)
rNeg   . . .     Faith    .     (shield currently unavailable)
rPois  x         Spirit   .     (helmet currently unavailable)
rElec  .         Dismiss  .     (cloak currently unavailable)
rCorr  .         Reflect  .     (gloves currently unavailable)
SustAt .         Harm     .     (boots currently unavailable)
MR     .....                    (no amulet)
Stlth  ++........               (no ring)
                                g - ring of protection from fire

@: spider-form (expiring), not resistant to hostile enchantments, unstealthy
A: unfitting armour, (cold-blooded), AC +6
a: End Transformation


You were on level 4 of the Dungeon.
You were hungry.
You were a venomous arachnid creature.
You visited 1 branch of the dungeon, and saw 4 of its levels.

You collected 224 gold pieces.

Inventory:

Missiles
 a - 106 arrows
Armour
 w - a +0 cloak (melded)
Jewellery
 g - a ring of protection from fire (left front leg)
 x - a cursed ring of loudness {unknown}
Wands
 y - a wand of acid (7/15)
Scrolls
 d - 2 scrolls of immolation {unknown}
 k - a scroll of fog {unknown}
 m - 2 scrolls of enchant armour {unknown}
 n - a scroll of remove curse {unknown}
 o - a scroll of fear {unknown}
 r - a scroll of recharging {unknown}
 t - a scroll of random uselessness {unknown}
 v - a scroll of amnesia {unknown}
 z - 2 scrolls of identify {unknown}
 A - a scroll of enchant weapon {unknown}
Potions
 e - 2 potions of cure mutation {unknown}
 f - a potion of cancellation {unknown}
 h - a potion of heal wounds
 q - 2 potions of degeneration {unknown}
 s - a potion of curing {unknown}
Books
 b - a book of Changes

   Spells                             Type                      Level
   a - Beastly Appendage              Transmutation                1
   b - Sticks to Snakes               Transmutation                2
   c - Spider Form                    Transmutation/Poison         3
   d - Ice Form                       Ice/Transmutation            4
   e - Blade Hands                    Transmutation                5
Comestibles
 c - 4 bread rations
 i - a meat ration
 l - 3 beef jerkies
 B - 4 chunks of flesh


   Skills:
 - Level 1.1 Fighting
 - Level 1.7 Dodging
 + Level 5.9 Unarmed Combat
 - Level 2.0 Spellcasting
 + Level 5.2 Transmutations


You had 3 spell levels left.
You knew the following spells:

 Your Spells              Type           Power        Failure   Level  Hunger
a - Beastly Appendage     Tmut           ###...       12%         1    ##.....
b - Sticks to Snakes      Tmut           ###.....     17%         2    ###....
c - Spider Form           Tmut/Pois      #.........   50%         3    ####...


Dungeon Overview and Level Annotations

Branches:
Dungeon (4/15)
 Temple: D:4-7

Altars:
Dithmenos
Gozag
Nemelex Xobeh
Okawaru
Ru

Shops:
D:4 *

Annotations:
D:4 mistymad's ghost, amateur FoAK


Innate Abilities, Weirdness & Mutations

((Your plain brown scales are hard. (AC +6)))
Your body does not fit into most forms of armour.
((You are cold-blooded and may be slowed by cold attacks.))


Message History

Your adder bites mistymad's ghost but does no damage. x2
The adder skeleton barely misses your adder.
You feel much better.
Your adder bites mistymad's ghost but does no damage.
Mistymad's ghost hits you!
* * * LOW HITPOINT WARNING * * *
Your adder closely misses mistymad's ghost.
The adder skeleton bites your adder but does no damage.
You hit mistymad's ghost.
Mistymad's ghost is heavily damaged.
Your adder bites mistymad's ghost but does no damage.
Your adder closely misses mistymad's ghost.
Mistymad's ghost misses you. The adder skeleton misses your adder.
Your adder bites mistymad's ghost but does no damage.
Unknown command.
You hit mistymad's ghost.
Mistymad's ghost is severely damaged.
Your adder bites mistymad's ghost but does no damage.
Mistymad's ghost hits you!
You die...

#.. ######.#
#......# .
#.)....# ...
#......# #....
#......####.W..)#
#.....Z..........
#....SW######..(#
#....sS# #
#......# #......#
#......#
######.##.##
#.##..# #.##..##
# #.##...# #
####.##.#.# #


You could see mistymad's ghost, an adder skeleton and 2 friendly adders.

Vanquished Creatures
  Grinder (D:4)
  An ogre (D:4)
  A scorpion (D:4)
  An orc priest (D:4)
  An orc wizard (D:4)
  A worker ant (D:4)
  An adder (D:2)
  An ooze (D:1)
  2 worms
  4 dart slugs (D:1)
  3 giant geckos
  2 orcs (D:4)
  3 ball pythons
  2 giant cockroaches
  2 goblins
  5 hobgoblins
  2 jackals (D:2)
  5 kobolds
  5 quokkas (D:3)
  3 bats
  2 giant newts
  A quokka skeleton (D:4)
  6 rats
55 creatures vanquished.

Vanquished Creatures (collateral kills)
  A worm (D:2)
1 creature vanquished.

Grand Total: 56 creatures vanquished

Notes
Turn   | Place    | Note
-------+----------+-------------------------------------------
     0 | D:1      | HAL9000 the Draconian Transmuter began the quest for the Orb.
     0 | D:1      | Reached XP level 1. HP: 16/16 MP: 3/3
   238 | D:1      | Reached XP level 2. HP: 19/23 MP: 3/5
   648 | D:1      | Reached XP level 3. HP: 23/28 MP: 4/6
   794 | D:2      | Learned a level 2 spell: Sticks to Snakes
   798 | D:2      | Learned a level 3 spell: Spider Form
  1555 | D:3      | Found a shadowy altar of Dithmenos.
  1820 | D:3      | Reached XP level 4. HP: 35/35 MP: 5/7
  1900 | D:3      | Found a sacrificial altar of Ru.
  1915 | D:3      | Found a sparkling altar of Nemelex Xobeh.
  1961 | D:3      | Found an iron altar of Okawaru.
  2533 | D:4      | Noticed an ogre
  2543 | D:4      | Killed an ogre
  2543 | D:4      | Reached skill level 5 in Unarmed Combat
  2543 | D:4      | Reached XP level 5. HP: 40/40 MP: 1/8
  2610 | D:4      | Noticed Grinder
  2620 | D:4      | Found an opulent altar of Gozag.
  2620 | D:4      | Found Gozag's Platinum Reserve.
  2642 | D:4      | Reached XP level 6. HP: 19/47 MP: 0/9
  2731 | D:4      | Killed Grinder
  2731 | D:4      | Reached skill level 5 in Transmutations
  2813 | D:4      | Noticed mistymad's ghost (amateur FoAK)
  2838 | D:4      | HP: 1/47 [mistymad's ghost (15)]
  2841 | D:4      | Slain by mistymad's ghost

Vault maps used:
D:1:      evilmike_arrival_home_sweet_home
D:3:      lemuel_coloured_pillars_altar,
          nicolae_dithmenos_through_a_glass_darkly,
          nicolae_overflow_hidden_temple, first_bread
D:4:      nicolae_gozag_zags_fifth_avenue, uniq_grinder

Skill      XL: |  1  2  3  4  5  6 |
---------------+-------------------+-----
Transmutations | 3 4 5 |  5.2
Unarmed Combat | 4 5 |  5.9
Fighting       | |  1.1
Dodging        | |  1.7
Spellcasting   | |  2.0

Action                   |  1- 3 |  4- 6 || total
-------------------------+-------+-------++-------
Melee: Unarmed           |   135 |    86 ||   221
       Tailslap          |    10 |     9 ||    19
       Headbutt          |     1 |     6 ||     7
       Kick              |     9 |     6 ||    15
       Punch             |       |     1 ||     1
 Cast: Beastly Appendage |    21 |     6 ||    27
       Sticks to Snakes  |     2 |     9 ||    11
       Spider Form       |       |     2 ||     2
  Use: Potion            |       |     2 ||     2
 Stab: Sleeping          |     2 |       ||     2
       Distracted        |       |     1 ||     1
  Eat: Chunk             |     3 |     5 ||     8
Armor: Skin              |    39 |    16 ||    55
Dodge: Dodged            |    82 |    52 ||   134
